 Dungeon Crawl Stone Soup version 0.23.0-3-gf3c87f2df8 (webtiles) character file.

Game seed: 15056832054168923335

1819 Sondor the Slasher (level 8, 0/96 HPs)
             Began as a Demonspawn Chaos Knight on Feb 24, 2019.
             Was a Plaything of Xom.
             Slain by a wight
             ... wielding a +3 trident
              (5 damage)
             ... on level 6 of the Dungeon.
             The game lasted 00:11:05 (4316 turns).

Sondor the Slasher (Demonspawn Chaos Knight)        Turns: 4316, Time: 00:11:08

Health: 0/96       AC: 24    Str: 22    XL:     8   Next: 85%
Magic:  8/8        EV:  2    Int: 16    God:    Xom [*.....]
Gold:   418        SH:  0    Dex: 12    Spells: 7/7 levels left

rFire    . . .     SeeInvis .   a - +0 falchion (chaos)
rCold    . . .     Gourm    .   (no shield)
rNeg     + + +     Faith    .   (armour currently unavailable)
rPois    +         Spirit   .   (helmet currently unavailable)
rElec    .         Reflect  .   (cloak currently unavailable)
rCorr    .         Harm     .   (gloves currently unavailable)
MR       .....     NoTele   +   (boots currently unavailable)
Stlth    ++........             (no amulet)
HPRegen  0.66/turn              q - +2 ring of intelligence
MPRegen  0.11/turn              (no ring)

@: mighty, tree-form, lightly drained
A: powered by pain 2, regeneration 1, strong 1, wild magic 1
a: Renounce Religion


You were on level 6 of the Dungeon.
You worshipped Xom.
You were a special plaything of Xom.
You were not hungry.
You were a tree.
You visited 1 branch of the dungeon, and saw 6 of its levels.

You collected 418 gold pieces.

Inventory:

Hand Weapons
 a - a +0 falchion of chaos (weapon)
Armour
 b - a +3 leather armour (melded)
 h - a +0 pair of gloves (melded)
 j - a +0 cloak (melded)
 p - a +0 pair of boots
 u - a +0 pair of boots (melded)
Jewellery
 q - a +2 ring of intelligence (left branch)
Wands
 o - a wand of flame (8)
Scrolls
 d - a scroll of remove curse
 e - a scroll of identify
 k - 2 scrolls of teleportation
 s - 2 scrolls of random uselessness
 t - a scroll of enchant armour
 v - a scroll of fog {unknown}
Potions
 g - 3 potions of flight
 n - a potion of resistance {unknown}
Comestibles
 c - 8 rations


   Skills:
 + Level 5.7(5.4) Fighting
 + Level 7.2(6.9) Long Blades
 + Level 3.4(3.2) Armour
 + Level 4.2(4.0) Dodging
 + Level 4.2(3.9) Stealth


You had 7 spell levels left.
You didn't know any spells.
Your spell library contained the following spells:

 Spells                   Type           Power        Failure   Level  Hunger
 Animate Skeleton         Necr           N/A          34%         1    ##.....
 Apportation              Tloc           #.....       34%         1    ##.....
 Confusing Touch          Hex            #.....       34%         1    ##.....
 Summon Small Mammal      Summ           #...         34%         1    ##.....
 Bolt of Magma            Conj/Fire/Erth #.........   100%        5    ######.
 Iskenderun's Battlesphe  Conj/Chrm      #.......     100%        5    ######.
 Venom Bolt               Conj/Pois      #.........   100%        5    ######.
 Iron Shot                Conj/Erth      #.........   100%        6    #######
 Orb of Destruction       Conj           #.........   100%        7    #######
 Spellforged Servitor     Conj/Summ      #.........   100%        7    #######


Dungeon Overview and Level Annotations

Branches:
Dungeon (6/15)             Temple (0/1) D:4

Altars:
Ashenzari
Cheibriados
Elyvilon
Fedhas
Gozag
Trog
Vehumet
Wu Jian
Xom
Zin

Shops:
D:4 %   D:5 }

Annotations:
D:6 Dowan, Duvessa


Innate Abilities, Weirdness & Mutations

((You have very sharp fingernails.))
((You are partially covered in large bone plates. (SH +4)))
You sometimes gain power by taking damage.
Your natural rate of healing is unusually fast.
((You are covered in fur. (AC +1)))
Your muscles are strong. (Str +2)
Your spells are a little harder to cast, but a little more powerful.


Message History

You feel very mighty all of a sudden. The wight completely misses you.
The wight hits you but does no damage.
The giant cockroach zombie bites you but does no damage.
You feel better.
The orc warrior hits you but does no damage. x2
The wight hits you but does no damage.
The giant cockroach zombie bites you but does no damage.
You slash the orc warrior! You freeze the orc warrior.
You kill the orc warrior!
The wight barely misses you.
The orc warrior hits you but does no damage.
The giant cockroach zombie bites you but does no damage.
You barely miss the orc warrior.
The orc warrior is heavily wounded.
The orc warrior hits you with a +0 mace.
* * * LOW HITPOINT WARNING * * *
The wight hits you but does no damage.
The wight hits you from afar with a +3 trident.
You die...
Xom laughs nastily!

.............#
....!........#
.............#
.............#
...h.........#
.o..........##
#o...........#####
#e##.##.#.##.WzZ)#
#†##..#......ozo♣#
#............#####
######.##.#..#
.............#
####..........
%###.......Z..
o.........o...
).##........#
#.##........#


You could see a phantom, 2 orc warriors, 2 wights and a giant cockroach zombie.

Vanquished Creatures
  Pikel (D:4)
  Grinder (D:3)
  A porcupine (D:4)
  An orc warrior (D:6)
  An ice beast (D:5)
  A sky beast (D:5)
  An ogre (D:4)
  A phantom (D:6)
  A wight (D:6)
  A centaur zombie (D:6)
  3 crimson imps (D:5)
  A bullfrog skeleton (D:5)
  2 hounds (D:6)
  A jelly (D:6)
  2 iguanas
  2 orc wizards
  3 worker ants
  A hound skeleton (D:6)
  A worker ant zombie (D:5)
  5 adders
  2 shadow imps
  An adder zombie (D:5)
  3 worms (D:2)
  A dart slug (D:2)
  A leopard gecko (D:2)
  9 orcs
  A ball python (D:1)
  7 bats
  4 giant cockroaches
  A goblin (shapeshifter) (D:2)
  4 goblins
  6 hobgoblins
  7 jackals
  A quokka (D:3)
  3 frilled lizards
  A giant cockroach zombie (D:6)
  6 kobolds
  6 rats
  A plant (D:3)
96 creatures vanquished.

Vanquished Creatures (others)
  A wight (D:6)
  A howler monkey (D:6)
  A worker ant (D:4)
  An adder skeleton (D:6)
4 creatures vanquished.

Grand Total: 100 creatures vanquished

Notes
Turn   | Place    | Note
-------+----------+-------------------------------------------
     0 | D:1      | Sondor the Demonspawn Chaos Knight began the quest for the
                  | Orb.
     0 | D:1      | Reached XP level 1. HP: 18/18 MP: 1/1
    80 | D:1      | Gained mutation: You have sharp fingernails. [demonic
                  | ancestry]
    80 | D:1      | Reached XP level 2. HP: 22/24 MP: 2/2
   178 | D:1      | XOM: god gift: scroll labeled ZAZE UNGEOFFOINKUQ {god gift}
   225 | D:1      | Reached skill level 3 in Long Blades
   309 | D:1      | Reached skill level 1 in Dodging
   528 | D:1      | XOM: god gift: cloak {god gift}
   634 | D:2      | Noticed a shapeshifter
   634 | D:2      | a giant cockroach changed into a shapeshifter
   634 | D:2      | Noticed a hornet
   634 | D:2      | a shapeshifter changed into a hornet
   635 | D:2      | Noticed an ice beast
   635 | D:2      | a hornet changed into an ice beast
   636 | D:2      | an ice beast changed into a jelly
   682 | D:2      | Gained mutation: You have very sharp fingernails. [demonic
                  | ancestry]
   682 | D:2      | Reached XP level 3. HP: 16/29 MP: 3/3
   692 | D:2      | You fall through a shaft for 2 floors!
   692 | D:4      | Found a blossoming altar of Fedhas.
   826 | D:4      | Found a white marble altar of Elyvilon.
   920 | D:4      | Found a shattered altar of Ashenzari.
   987 | D:4      | Noticed an ogre
   992 | D:4      | Killed an ogre
   992 | D:4      | Reached skill level 4 in Long Blades
   992 | D:4      | Reached XP level 4. HP: 37/37 MP: 4/4
   992 | D:4      | Reached XP level 5. HP: 42/42 MP: 5/5
   996 | D:4      | Found an opulent altar of Gozag.
  1112 | D:4      | Found a radiant altar of Vehumet.
  1117 | D:4      | XOM: smoke on damage
  1118 | D:4      | XOM: god gift: 26 gold pieces
  1230 | D:4      | XOM: medium Tmut miscast
  1388 | D:4      | XOM: harmless Tmut miscast
  1506 | D:4      | XOM: summons 4 hostile shadow creatures
  1533 | D:4      | Found a staircase to the Ecumenical Temple.
  1607 | D:4      | Found Wyleamex's Food Emporium.
  1614 | D:4      | Noticed Pikel
  1614 | D:4      | Noticed a slave
  1614 | D:4      | Noticed a slave
  1614 | D:4      | Noticed a slave
  1614 | D:4      | Noticed a slave
  1615 | D:4      | XOM: harmless Chrm miscast
  1617 | D:4      | XOM: swap monsters
  1622 | D:4      | Noticed a porcupine
  1622 | D:4      | a slave changed into a porcupine
  1627 | D:4      | XOM: mild Air miscast
  1627 | D:4      | Killed Pikel
  1627 | D:4      | Reached skill level 5 in Long Blades
  1627 | D:4      | Gained mutation: You sometimes gain a little power by
                  | taking damage. [demonic ancestry]
  1627 | D:4      | Reached XP level 6. HP: 23/49 MP: 6/6
  1627 | D:4      | Gained mutation: You sometimes gain power by taking damage.
                  | [demonic ancestry]
  1627 | D:4      | Reached XP level 7. HP: 26/55 MP: 7/7
  1700 | D:4      | XOM: harmless Air miscast
  2126 | D:3      | XOM: give mutations
  2126 | D:3      | Gained mutation: Your muscles are strong. (Str +2) [Xom's
                  | grace]
  2126 | D:3      | Gained mutation: Your natural rate of healing is unusually
                  | fast. [Xom's grace]
  2126 | D:3      | Gained mutation: You are covered in fur. (AC +1) [Xom's
                  | grace]
  2126 | D:3      | Gained mutation: Your spells are a little harder to cast,
                  | but a little more powerful. [Xom's grace]
  2218 | D:3      | Noticed Grinder
  2232 | D:3      | Killed Grinder
  2615 | D:3      | XOM: noise
  2723 | D:2      | Found an ornate altar of the Wu Jian Council.
  2862 | D:2      | Found a bloodstained altar of Trog.
  3056 | D:2      | XOM: mild Tloc miscast
  3082 | D:3      | XOM: harmless Conj miscast
  3108 | D:5      | Entered Level 5 of the Dungeon
  3269 | D:5      | Reached skill level 6 in Long Blades
  3269 | D:5      | Gained mutation: You are partially covered in large bone
                  | plates. (SH +4) [demonic ancestry]
  3269 | D:5      | Reached XP level 8. HP: 61/61 MP: 8/8
  3295 | D:5      | XOM: harmless Erth miscast
  3326 | D:5      | XOM: smoke on damage
  3461 | D:5      | Reached skill level 5 in Fighting
  3472 | D:5      | Found Ziyk's Gadget Boutique.
  3537 | D:5      | XOM: swap monsters
  3624 | D:5      | Found a glowing silver altar of Zin.
  3624 | D:5      | Found a snail-covered altar of Cheibriados.
  4012 | D:6      | XOM: enchant monster (good)
  4086 | D:6      | Noticed Duvessa
  4100 | D:6      | Noticed Dowan
  4118 | D:6      | XOM: divine lightning
  4148 | D:6      | XOM: scenery: create altars
  4172 | D:6      | XOM: mild Pois miscast
  4178 | D:6      | XOM: blink monster(s)
  4191 | D:6      | HP: 3/63 [acid (8)]
  4269 | D:6      | Reached skill level 7 in Long Blades
  4276 | D:6      | XOM: divination: detect items
  4293 | D:6      | XOM: blink monster(s)
  4313 | D:6      | HP: 1/96 [orc warrior/+0 mace (18)]
  4316 | D:6      | Slain by a wight

Skill      XL: |  1  2  3  4  5  6  7  8 |
---------------+-------------------------+-----
Long Blades    | 3 4 5 6 7 |  7.2
Dodging        | 1 2 3 4 |  4.2
Armour         | 2 3 |  3.4
Fighting       | 4 5 |  5.7
Stealth        | 2 3 4 |  4.2

Action                   |  1- 3 |  4- 6 |  7- 9 || total
-------------------------+-------+-------+-------++-------
Melee: Falchion          |    91 |    41 |   342 ||   474
  Use: Scroll            |     2 |     4 |    10 ||    16
       Potion            |       |     1 |     6 ||     7
 Stab: Confused          |       |     5 |     4 ||     9
       Paralysed         |       |       |     3 ||     3
       Sleeping          |       |       |     3 ||     3
       Invisible         |       |       |     1 ||     1
  Eat: Chunk             |       |     2 |     7 ||     9
       Ration            |       |       |     1 ||     1
Armor: Leather armour    |    40 |    16 |    86 ||   142
       Skin              |       |    36 |   104 ||   140
Dodge: Dodged            |    59 |    31 |   212 ||   302
Block: Other             |       |       |    35 ||    35
       Rpst.: Falchion   |    24 |    12 |    71 ||   107
